Map: King Sejong Station LE

Players

Zortheus

  • Race: Protoss Protoss
  • League: Diamond

Slumdog - Winner!

  • Race: Zerg Zerg
  • League: Diamond

VOD

Have the link to the VOD?

Description

Now with Lings and Banes!

Time

  • Played on: Aug. 1, 2016, 3:23 p.m.
  • Length: 7:51
Show
View Real Time Build Order
Export as new Build Order

Zortheus Protoss 

Build Orders:  

Get SALT Encoding   

  12  0:01  Probe (Chrono Boost)  
  13  0:11  Probe (Chrono Boost)  
  14  0:26  Pylon  
  14  0:28  Probe (Chrono Boost)  
  15  0:44  Probe (Chrono Boost)  
  16  0:55  Probe (Chrono Boost)  
  17  1:09  Nexus  
  17  1:24  Gateway  
  17  1:26  Probe (Chrono Boost)  
  17  1:28  Assimilator  
  17  1:32  Assimilator  
  18  1:44  Probe (Chrono Boost)  
  19  1:55  Probe (Chrono Boost)  
  20  2:05  Probe (Chrono Boost)  
  21  2:13  Cybernetics Core  
  21  2:14  Zealot  
  23  2:21  Probe (Chrono Boost)  
  24  2:23  Pylon  
  24  2:27  Probe (Chrono Boost)  
  25  2:31  Probe (Chrono Boost)  
  26  2:40  Probe (Chrono Boost)  
  26  2:42  Probe (Chrono Boost)  
  28  2:51  Mothership Core (Chrono Boost), Warp Gate  
  30  2:53  Adept  
  30  2:57  Probe (Chrono Boost)  
  33  3:08  Probe (Chrono Boost)  
  33  3:09  Probe (Chrono Boost)  
  35  3:15  Twilight Council  
  35  3:18  Probe (Chrono Boost)  
  37  3:20  Probe (Chrono Boost)  
  36  3:30  Probe x2 (Chrono Boost)  
  38  3:36  Adept  
  38  3:40  Probe (Chrono Boost)  
  38  3:41  Probe (Chrono Boost)  
  42  3:45  Resonating Glaives  
  42  3:51  Probe (Chrono Boost)  
  42  3:53  Pylon  
  44  3:55  Probe (Chrono Boost)  
  44  4:02  Probe (Chrono Boost)  
  45  4:07  Probe (Chrono Boost)  
  46  4:11  Adept  
  46  4:12  Gateway  
  46  4:13  Gateway  
  46  4:16  Probe (Chrono Boost)  
  49  4:26  Robotics Facility  
  49  4:33  Probe (Chrono Boost)  
  49  4:34  Pylon  
  49  4:35  Assimilator  
  50  4:38  Assimilator  
  49  5:01  Probe (Chrono Boost)  
  49  5:02  Probe (Chrono Boost)  
  49  5:05  Nexus  
  49  5:06  Pylon  
  51  5:08  Pylon  
  51  5:10  Pylon  
  51  5:12  Probe (Chrono Boost)  
  53  5:14  Observer  
  53  5:15  Probe (Chrono Boost)  
  54  5:24  Probe (Chrono Boost)  
  54  5:27  Probe (Chrono Boost)  
  57  5:36  Probe (Chrono Boost)  
  57  5:39  Probe (Chrono Boost)  
  57  5:42  Adept x2  
  60  5:43  Adept  
  64  5:51  Pylon  
  64  5:55  Warp Prism  
  64  5:59  Pylon  
  67  6:05  Probe (Chrono Boost)  
  67  6:08  Gateway x2, Nexus  
  67  6:11  Stalker x2, Gateway  
  67  6:12  Gateway  
  71  6:35  Forge  
  70  6:58  Pylon  
  70  7:06  Pylon  
  70  7:07  Pylon  
  70  7:10  Pylon  
  70  7:27  Templar Archives  
  70  7:30  Adept x4  
  70  7:31  Adept x3  
Show
View Real Time Build Order
Export as new Build Order

Slumdog Zerg - Winner!

Build Orders: Hatch First, Swarm Host 

Get SALT Encoding   

  12  0:01  Drone  
  13  0:12  Overlord  
  13  0:17  Drone  
  14  0:31  Drone x2  
  14  0:35  Drone  
  17  0:54  Hatchery  
  16  0:57  Drone  
  16  1:01  Extractor, Drone  
  17  1:16  Spawning Pool  
  16  1:19  Drone  
  16  1:25  Drone  
  18  1:29  Drone  
  19  1:38  Overlord  
  19  2:04  Metabolic Boost  
  19  2:05  Queen  
  19  2:06  Zergling x4  
  23  2:09  Drone  
  23  2:14  Queen  
  26  2:21  Drone  
  27  2:23  Drone  
  27  2:28  Drone  
  29  2:30  Drone  
  29  2:33  Extractor  
  29  2:46  Lair  
  29  2:49  Drone x2  
  31  2:59  Drone x3  
  31  3:05  Drone x2  
  36  3:06  Extractor  
  35  3:31  Drone  
  35  3:33  Overlord x2  
  36  3:34  Overlord  
  36  3:49  Infestation Pit  
  36  3:50  Drone  
  36  4:14  Drone x4  
  40  4:25  Swarm Host x5  
  55  4:39  Drone  
  55  4:41  Drone  
  55  4:43  Hatchery  
  54  4:55  Zergling x2  
  54  4:56  Zergling x10  
  60  5:00  Baneling Nest  
  59  5:13  Zergling x2  
  60  5:18  Overlord  
  60  5:33  Overlord  
  60  5:40  Swarm Host  
  60  5:41  Swarm Host  
  67  5:42  Zergling x2  
  67  5:43  Zergling x2  
  67  5:44  Centrifical Hooks  
  67  5:49  Evolution Chamber  
  65  5:50  Zergling x4  
  65  5:51  Zergling x2  
  63  5:58  Zergling x10  
  63  6:02  Zergling x8  
  72  6:05  Drone x2  
  72  6:06  Drone  
  75  6:18  Overlord x2  
  75  6:23  Drone x2  
  75  6:24  Drone  
  78  6:26  Overlord  
  78  6:48  Zergling x14  
  78  6:49  Zergling x6  
  87  6:56  Zergling x6  
  87  7:00  Zergling x4  
  87  7:01  Zergling x2  
  93  7:09  Baneling x7  
  93  7:10  Baneling x5  
  93  7:11  Baneling x2  
  93  7:19  Zergling x8  
Tags
 
Add a new tag
Caveats
  • Supply blocks, unpowered buildings, or Contaminate may cause inaccurate times.
  • Supply counts are checked every 10 seconds.